 Dungeon Crawl Stone Soup version 0.26-a0-833-g7262b39652 (webtiles) character file.

Game seed: 10035008818259136575

18263 VIScoz the Cleaver (level 12, -2/108 HPs)
             Began as a Minotaur Berserker on Nov 14, 2020.
             Was a High Priest of Trog.
             Slain by a ten-headed hydra (12 damage)
             ... on level 1 of the Lair of Beasts on Nov 16, 2020.
             The game lasted 00:45:12 (12243 turns).

VIScoz the Cleaver (Minotaur Berserker)            Turns: 12243, Time: 00:45:13

Health: -2/108     AC: 18    Str: 29    XL:     12   Next: 26%
Magic:  11/11      EV:  7    Int:  4    God:    Trog [*****.]
Gold:   766        SH:  0    Dex: 10    Spells: 11/11 levels left

rFire    . . .     SeeInvis .   b - +3 hand crossbow of Xesupni {flame, rN+ Str+2}
rCold    . . .     Faith    .   s - +0 tower shield
rNeg     + . .     Spirit   .   u - +0 chain mail
rPois    .         Reflect  .   (helmet restricted)
rElec    .         Harm     .   p - +0 cloak
rCorr    .         Rampage  .   H - +2 pair of gloves
MR       .....                  A - +0 pair of boots
Stlth    ..........             (no amulet)
HPRegen  0.28/turn              (no ring)
MPRegen  0.12/turn              (no ring)

@: confused
A: retaliatory headbutt, horns 2
a: Berserk, Trog's Hand, Brothers in Arms, Renounce Religion


You were on level 1 of the Lair of Beasts.
You worshipped Trog.
Trog was extremely pleased with you.
You visited 2 branches of the dungeon, and saw 13 of its levels.

You collected 927 gold pieces.
You spent 161 gold pieces at shops.

Inventory:

Hand Weapons
 a - a +4 broad axe
 b - the +3 hand crossbow of Xesupni (weapon) {flame, rN+ Str+2}
   (You found it on level 6 of the Dungeon)

   It causes projectiles fired from it to burn those they strike, causing extra
   injury to most foes and up to half again as much damage against particularly
   susceptible opponents.
   It affects your strength (+2).
   It protects you from negative energy.
 t - the +3 mace "Juiqaoh" {venom, rElec rC+ Stlth+}
   (You found it on level 10 of the Dungeon)

   It poisons the flesh of those it strikes.
   It protects you from cold.
   It insulates you from electricity.
   It makes you more stealthy.
 y - a +0 hand axe
 D - a +0 giant club
Missiles
 g - 74 sling bullets
 B - 45 bolts (quivered)
Armour
 p - a +0 cloak (worn)
 s - a +0 tower shield (worn)
 u - a +0 chain mail (worn)
 z - +0 steam dragon scales
 A - a +0 pair of boots (worn)
 H - a +2 pair of gloves (worn)
Wands
 c - a wand of iceblast (7)
 k - a wand of flame (56)
 x - a wand of polymorph (11)
 G - a wand of enslavement (9)
 I - a wand of paralysis (8)
 N - a wand of random effects (15)
Scrolls
 f - a scroll of summoning {unknown}
 h - 6 scrolls of teleportation
 j - 3 scrolls of enchant armour
 l - a scroll of magic mapping
 m - 2 scrolls of fog
 w - 4 scrolls of remove curse
 J - a scroll of immolation {unknown}
 K - 5 scrolls of identify
Potions
 d - a potion of degeneration {unknown}
 e - 2 potions of lignification
 i - 2 potions of heal wounds
 n - 4 potions of mutation
 o - a potion of magic {unknown}
 q - 3 potions of might
 r - 4 potions of curing
 v - 2 potions of haste {unknown}
 C - a potion of berserk rage {unknown}
 E - a potion of cancellation
 F - a potion of ambrosia
 L - a potion of brilliance {unknown}


   Skills:
 + Level 10.7 Fighting
 * Level 14.2 Axes
 + Level 10.5 Armour
 - Level 2.1 Dodging
 * Level 12.9 Shields


You had 11 spell levels left.
You didn't know any spells.
Your spell library was empty.

Dungeon Overview and Level Annotations

Branches:
Dungeon (12/15)            Temple (0/1) D:5            Lair (1/6) D:9
    Orc (0/2) D:10

Altars:
Cheibriados
Fedhas
Makhleb
Qazlal
Ru

Shops:
D:9 [

Annotations:
D:10 2 transporters, Gargoyl's ghost, journeyman GnAK


Innate Abilities, Weirdness & Mutations

You reflexively headbutt those who attack you in melee.
You have a pair of horns on your head.


Message History

The ten-headed hydra bites you!
You block the ten-headed hydra's attack. x3
The ten-headed hydra bites you.
* * * LOW HITPOINT WARNING * * *
The ten-headed hydra bites you.
* * * LOW HITPOINT WARNING * * *
The ten-headed hydra bites you but does no damage.
The ten-headed hydra bites you!
* * * LOW HITPOINT WARNING * * *
The ten-headed hydra bites you!
* * * LOW HITPOINT WARNING * * *
You are confused.
You feel invigorated.
The ten-headed hydra closely misses you.
The ten-headed hydra bites you.
* * * LOW HITPOINT WARNING * * *
The ten-headed hydra bites you but does no damage.
The ten-headed hydra closely misses you.
The ten-headed hydra bites you!
You die...

### #########
########P###############P#.#P#.##
.................................
.........(.............÷.........
............^....................
####...##P#...........###....###
#.D..####(........## ##...#
#.†(## #..D@.....# #...# #....#
#.........# #...# #...##
#.........# #...# #...#
#.........# #...## #...#
#.........# #....# #...#
#P.........## ##...## #.(.#
##..........# #....# #........÷##
##...# #.........# #...#


You could see a ten-headed hydra.

Vanquished Creatures
  3 two-headed ogres
  An unseen horror (D:12)
  Pikel (D:6)
  2 ugly things (D:12)
  2 manticores
  A wolf spider zombie (D:12)
  A deep elf mage (D:12)
  A cyclops (D:11)
  A cane toad (Lair:1)
  Maggie (D:6)
  3 komodo dragons (Lair:1)
  A troll (shapeshifter) (D:12)
  2 trolls
  4 blink frogs (Lair:1)
  5 slime creatures (D:12)
  A shadow (D:12)
  2 wyverns
  14 yaks
  Grum (D:11)
  Menkaure (D:7)
  A soldier ant (D:11)
  5 water moccasins (Lair:1)
  5 orc warriors
  A black bear (D:10)
  2 eyes of draining
  An ice beast (D:12)
  5 ogres
  2 phantoms
  6 sky beasts
  A necrophage (D:8)
  2 wolves (D:11)
  2 centaurs
  A lemure (D:6)
  A big kobold (D:12)
  9 bullfrogs
  A gnoll sergeant (D:5)
  5 scorpions
  A howler monkey (D:7)
  A bullfrog zombie (D:11)
  2 centaur zombies
  A quasit (D:7)
  3 orc priests
  4 bullfrog skeletons
  6 hounds
  Crazy Yiuf (D:3)
  4 centaur skeletons
  5 orc wizards
  3 iguanas
  8 worker ants
  A killer bee zombie (D:5)
  A hound skeleton (D:5)
  A howler monkey zombie (D:7)
  2 worker ant zombies
  17 gnolls
  13 adders
  A shadow imp (D:5)
  A white imp (D:9)
  An ooze (D:5)
  An adder zombie (D:5)
  5 worms
  5 dart slugs
  7 leopard geckos
  42 orcs
  3 ball pythons
  3 giant cockroaches
  4 goblins
  12 hobgoblins
  3 jackals (D:1)
  16 kobolds
  3 quokkas
  7 bats
  9 frilled lizards
  A leopard gecko zombie (D:6)
  A quokka skeleton (D:6)
  12 rats
309 creatures vanquished.

Vanquished Creatures (others)
  A fungus (Lair:1)
  4 plants
5 creatures vanquished.

Grand Total: 314 creatures vanquished

Notes
Turn   | Place    | Note
-------+----------+-------------------------------------------
     0 | D:1      | VIScoz the Minotaur Berserker began the quest for the Orb.
     0 | D:1      | Reached XP level 1. HP: 19/19 MP: 0/0
   169 | D:1      | Reached skill level 4 in Axes
   170 | D:1      | Reached XP level 2. HP: 27/27 MP: 1/1
   523 | D:1      | Reached ** piety under Trog
   523 | D:1      | Reached XP level 3. HP: 33/33 MP: 2/2
  1085 | D:2      | Noticed an air elemental
  1132 | D:2      | Found a stormy altar of Qazlal.
  1133 | D:2      | Noticed a water elemental
  1133 | D:2      | Noticed a fire elemental
  1133 | D:2      | Noticed an earth elemental
  1445 | D:2      | Reached XP level 4. HP: 35/40 MP: 3/3
  1560 | D:2      | Reached skill level 5 in Axes
  2082 | D:2      | Reached *** piety under Trog
  2276 | D:3      | Reached XP level 5. HP: 46/47 MP: 4/4
  2980 | D:3      | Reached skill level 6 in Axes
  3069 | D:3      | Found a runed translucent door.
  3070 | D:3      | Noticed Crazy Yiuf
  3079 | D:3      | Killed Crazy Yiuf
  3079 | D:3      | Reached skill level 5 in Fighting
  3529 | D:4      | Reached XP level 6. HP: 56/56 MP: 5/5
  4054 | D:4      | Found a sacrificial altar of Ru.
  4321 | D:5      | Entered Level 5 of the Dungeon
  4453 | D:5      | Reached skill level 1 in Shields
  4507 | D:5      | Found a staircase to the Ecumenical Temple.
  4667 | D:5      | Reached skill level 7 in Axes
  4770 | D:5      | Reached XP level 7. HP: 61/61 MP: 6/6
  4890 | D:5      | Reached skill level 5 in Armour
  4985 | D:6      | Reached **** piety under Trog
  4989 | D:6      | Noticed Maggie
  5015 | D:6      | Killed Maggie
  5015 | D:6      | Reached skill level 8 in Axes
  5189 | D:6      | Noticed Pikel
  5202 | D:6      | Killed Pikel
  5202 | D:6      | Reached skill level 5 in Shields
  5202 | D:6      | Reached XP level 8. HP: 71/71 MP: 7/7
  5313 | D:6      | Got a smoking hand crossbow
  5314 | D:6      | Identified the +3 hand crossbow of Xesupni {flame, rN+
                  | Str+2} (You found it on level 6 of the Dungeon)
  5404 | D:6      | Reached skill level 9 in Axes
  5883 | D:6      | Reached XP level 9. HP: 79/79 MP: 8/8
  5926 | D:6      | Found a blossoming altar of Fedhas.
  5931 | D:6      | Found a snail-covered altar of Cheibriados.
  5936 | D:6      | Found a burning altar of Makhleb.
  6345 | D:7      | Reached skill level 10 in Axes
  6476 | D:7      | Identified the cursed +0 long sword "Quhisur" {freeze, rF++
                  | MR+}
  6614 | D:7      | Noticed Menkaure
  6617 | D:7      | Killed Menkaure
  6617 | D:7      | Reached ***** piety under Trog
  6733 | D:7      | You fall into a shaft and drop 3 floors!
  6733 | D:10     | Entered Level 10 of the Dungeon
  7181 | D:8      | Noticed a two-headed ogre
  7328 | D:8      | Reached XP level 10. HP: 85/88 MP: 9/9
  7455 | D:8      | Killed a two-headed ogre
  7455 | D:8      | Reached skill level 11 in Axes
  7626 | D:9      | Found Fifyir's Armour Boutique.
  7634 | D:9      | Bought a +1 pair of gloves for 161 gold pieces
  7961 | D:9      | Found a staircase to the Lair.
  8118 | D:9      | Noticed a two-headed ogre
  8124 | D:9      | Killed a two-headed ogre
  8329 | D:10     | Found a staircase to the Orcish Mines.
  8357 | D:10     | Got a transparent mace
  8358 | D:10     | Identified the cursed +3 mace "Juiqaoh" {venom, rElec rC+
                  | Stlth+} (You found it on level 10 of the Dungeon)
  8497 | D:10     | Noticed Gargoyl's ghost (journeyman GnAK)
  8498 | D:10     | Found a transporter.
  8502 | D:10     | Found a transporter.
  8660 | D:10     | Reached skill level 10 in Shields
  8858 | D:11     | Noticed a manticore
  8866 | D:11     | Killed a manticore
  8866 | D:11     | Reached skill level 12 in Axes
  9174 | D:11     | Noticed a two-headed ogre
  9182 | D:11     | Killed a two-headed ogre
  9182 | D:11     | Reached XP level 11. HP: 97/97 MP: 10/10
  9787 | D:11     | Noticed Grum
  9804 | D:11     | Killed Grum
 10079 | D:12     | Noticed a deep elf mage
 10089 | D:12     | Killed a deep elf mage
 10097 | D:12     | Received a gift from Trog
 10290 | D:12     | Reached skill level 13 in Axes
 10343 | D:12     | Noticed a purple ugly thing
 10352 | D:12     | Killed a purple ugly thing
 10353 | D:12     | Noticed a red ugly thing
 10363 | D:12     | Killed a red ugly thing
 10363 | D:12     | Reached skill level 10 in Fighting
 10801 | D:12     | Killed an unseen horror
 10801 | D:12     | Reached skill level 10 in Armour
 11257 | D:12     | Upgraded the game from 0.26-a0-812-g31a745ddcd to
                  | 0.26-a0-833-g7262b39652
 11346 | Lair:1   | Entered Level 1 of the Lair of Beasts
 11360 | Lair:1   | Reached XP level 12. HP: 61/107 MP: 11/11
 11621 | Lair:1   | Reached skill level 14 in Axes
 12222 | Lair:1   | Noticed an eight-headed hydra
 12243 | Lair:1   | Slain by a ten-headed hydra

Illustrated notes

Levels and vault maps discovered:
D:1:      elethiomel_arrival_infinity_welcomes_careful_drivers,
          layout_loops_ring, serial_forest, infiniplex_forest_lined_room_2,
          infiniplex_forest_end_3, infiniplex_forest_end_1,
          infiniplex_forest_clump_long, infiniplex_forest_lined_room_2,
          infiniplex_forest_lined_room_2, minmay_small_reverse_x
D:2:      layout_basic, serial_corexii_hall, corexii_hall_statues_i,
          chequers_hall_statues_y, nicolae_qazlal_style_of_elements
D:3:      layout_loops_corners, uniq_crazy_yiuf_cottage
D:4:      layout_loops_ring, lemuel_crystal_altar, chequers_garden
D:5:      layout_gridville, temple_pool_b, kennysheep_generic_room_15
D:6:      layout_loops_ring, minmay_overflow_temple_star_quad,
          minmay_stone_trees_medium, uniq_pikel, uniq_maggie
D:7:      statuecave_lemuel, layout_rooms, uniq_menkaure
D:8:      layout_basic
D:9:      layout_rooms, lair_entry_dummy, serial_shops, nicolae_shop_crystal,
          minmay_misc_feat_rows
D:10:     layout_loops_ring, orc_0_dummy, gammafunk_ghost_arena
D:11:     layout_cave_pods, uniq_grum
D:12:     layout_rooms
Lair:1:   layout_long_grid

Skill      XL: |  1  2  3  4  5  6  7  8  9 10 11 12 |
---------------+-------------------------------------+-----
Axes           | 4 5 6 7 8 9 10 12 13 14 | 14.2
Fighting       | 4 5 6 7 8 9 10 | 10.7
Armour         | 3 4 6 7 9 10 | 10.5
Shields        | 2 5 6 8 10 12 | 12.9
Dodging        | |  2.1

Action                   |  1- 3 |  4- 6 |  7- 9 | 10-12 || total
-------------------------+-------+-------+-------+-------++-------
Melee: Hand axe          |    90 |   162 |    54 |       ||   306
       Headbutt          |    14 |    35 |    35 |    62 ||   146
       Broad axe         |       |       |   208 |   315 ||   523
       Mace              |       |       |       |    12 ||    12
 Fire: Hand crossbow     |       |       |    21 |    15 ||    36
Invok: Berserk           |       |     3 |     5 |     4 ||    12
       Trog's Hand       |       |     2 |     1 |     1 ||     4
Evoke: Wand              |       |       |       |     2 ||     2
  Use: Scroll            |       |       |     4 |    12 ||    16
       Potion            |       |       |       |     2 ||     2
Armor: Ring mail         |    34 |    36 |       |       ||    70
       Chain mail        |       |    21 |   108 |   136 ||   265
       Skin              |       |       |     2 |       ||     2
Dodge: Dodged            |    44 |    82 |    36 |    72 ||   234
Block: Tower shield      |       |    25 |   241 |   358 ||   624

Table legend: (Time is in decaauts)
 A = Elapsed time spent in this place.
 B = Non-inter-level travel time spent in this place.
 C = Inter-level travel time spent in this place.
 D = Time resting spent in this place.
 E = Time spent auto-exploring this place.
 F = Levels seen in this place.
 G = Mean time per level.
                   A        B        C        D        E       F      G
               +--------+--------+--------+--------+--------+-----+--------+
         Total |  12509 |  11794 |    715 |   2689 |   6890 |  13 |  962.2 |
       Dungeon |  11841 |  11126 |    715 |   2315 |   6728 |  12 |  986.8 |
          Lair |    667 |    667 |      0 |    374 |    162 |   1 |  667.0 |
               +--------+--------+--------+--------+--------+-----+--------+

Top non-repeatable levels by time:
    D:11: 1291 daAuts
     D:2: 1216 daAuts
    D:12: 1206 daAuts
     D:1: 1077 daAuts
     D:6: 1043 daAuts
     D:4: 1037 daAuts
     D:3: 1017 daAuts
     D:5: 921 daAuts
     D:9: 850 daAuts
     D:7: 821 daAuts
     D:8: 696 daAuts
  Lair:1: 667 daAuts
    D:10: 662 daAuts
